 Dungeon Crawl Stone Soup version 0.30-b1-2-g02819fbbbe (webtiles) character file.

Game seed: 976790864182911944

58968 Mesmaeker13 the Blocker (level 14, -11/93 HPs)
             Began as a Demigod Conjurer on July 19, 2023.
             Mangled by Rupert
             ... wielding a +2 great mace of venom
              (29 damage)
             ... while paralysed by Rupert
             ... on level 2 of the Orcish Mines.
             The game lasted 01:04:03 (28043 turns).

Mesmaeker13 the Blocker (Demigod Conjurer)         Turns: 28043, Time: 01:04:03

Health: -11/93     AC: 12    Str: 11    XL:     14   Next: 16%
Magic:  19/31      EV:  2    Int: 28    God:
Gold:   1838       SH:  0    Dex: 17    Spells: 10/31 levels left

rFire   + . .        h - +5 demon trident (venom)
rCold   + . .        L - +0 kite shield
rNeg    . . .        x - +0 leather armour "Gegoud" {rElec Regen+}
rPois   .            B - +1 helmet of Wifusesi {rCorr Str-5 Dex+5}
rElec   +            G - scarf {rC+ rF+}
rCorr   +            I - +0 pair of gloves
SInv    .            S - +0 pair of boots
Will    ++...        (no amulet)
Stlth   ++           e - +4 ring of protection
HPRegen 1.15/turn    o - ring of willpower
MPRegen 0.22/turn

%: no passive effects
@: paralysed, brilliant, lethally poisoned (-11 -> -22), studying Shields
A: high MP 1, forlorn, divine attributes
a: no special abilities


You were on level 2 of the Orcish Mines.
You visited 3 branches of the dungeon, and saw 19 of its levels.

You collected 2066 gold pieces.
You spent 228 gold pieces at shops.

Inventory:

Hand Weapons
 h - a +5 demon trident of venom (weapon)
 q - a +4 flail of freezing
 J - a +4 trident of freezing
Missiles
 K - 2 throwing nets (quivered)
 N - 6 curare-tipped darts
Armour
 g - a +0 helmet
 x - the +0 leather armour "Gegoud" (worn) {rElec Regen+}
   (You found it on level 3 of the Dungeon)

   rElec:     It insulates you from electricity.
   Regen:     It increases your rate of health regeneration.
 B - the +1 helmet of Wifusesi (worn) {rCorr Str-5 Dex+5}
   (You bought it in a shop on level 6 of the Dungeon)

   Str:       It affects your strength (-5).
   Dex:       It affects your dexterity (+5).
   rCorr:     It protects you from acid and corrosion.
 G - a scarf of resistance (worn)
 I - a +0 pair of gloves (worn)
 L - a +0 kite shield (worn)
 S - a +0 pair of boots (worn)
Magical Staves
 U - a staff of fire
Jewellery
 e - a +4 ring of protection (left hand)
 o - a ring of willpower (right hand)
 p - a +5 ring of evasion
 s - a ring of flight
 D - a ring of resist corrosion
 H - a ring of see invisible
Wands
 E - a wand of digging (6)
Scrolls
 c - 6 scrolls of teleportation
 m - 4 scrolls of blinking
 t - 3 scrolls of poison
 v - a scroll of amnesia
 w - 4 scrolls of fear
 y - a scroll of fog
Potions
 b - a potion of magic
 d - a potion of lignification {unknown}
 f - 3 potions of ambrosia
 i - 2 potions of invisibility {unknown}
 j - 4 potions of heal wounds
 k - 6 potions of brilliance
 l - 3 potions of might
 r - a potion of resistance {unknown}
 F - a potion of flight {unknown}
 Q - 3 potions of degeneration {unknown}
 T - 3 potions of haste {unknown}
Miscellaneous
 z - a tin of tremorstones (inert)
 O - a box of beasts
 P - a phantom mirror (inert)


   Skills:
 - Level 7.4 Armour
 - Level 3.0 Dodging
 - Level 1.7 Stealth
 + Level 12.1 Shields
 + Level 9.2 Spellcasting
 + Level 11.4 Conjurations
 - Level 5.0 Transmutations
 + Level 10.3 Fire Magic
 + Level 7.7 Air Magic
 - Level 1.6 Earth Magic
 - Level 6.2 Poison Magic


You had 10 spell levels left.
You knew the following spells:

 Your Spells              Type           Power      Damage    Failure   Level
a - Magic Dart            Conj           100%       1d8       1%          1
b - Searing Ray           Conj           100%       2d8       1%          2
c - Sticky Flame          Conj/Fire      84%        2d10      1%          4
d - Mephitic Cloud        Conj/Pois/Air  74%        N/A       1%          3
e - Ignite Poison         Fire/Tmut/Pois 68%        N/A       2%          3
f - Stone Arrow           Conj/Erth      100%       3d13      2%          3
g - Arcjolt               Conj/Air       39%        1d49      8%          5

Your spell library contained the following spells:

 Spells                   Type           Power      Damage    Failure   Level
 Momentum Strike          Conj/Tloc      100%       3d10      1%          2
 Dazzling Flash           Conj/Hex       100%       N/A       3%          3
 Passwall                 Tmut/Erth      39%        N/A       5%          2
 Sandblast                Erth           66%        2d15      7%          1
 Vhi's Electric Charge    Tloc/Air       100%       N/A       9%          3
 Fulminant Prism          Conj/Hex       30%        3d15      13%         4
 Iskenderun's Mystic Bla  Conj/Tloc      61%        2d13      13%         4
 Blink                    Tloc           38%        N/A       21%         2
 Call Imp                 Summ           38%        N/A       21%         2
 Lesser Beckoning         Tloc           38%        N/A       21%         2
 Portal Projectile        Hex/Tloc       38%        N/A       38%         3
 Tukima's Dance           Hex            19%        N/A       38%         3
 Blade Hands              Tmut           28%        N/A       43%         5
 Anguish                  Hex/Necr       9%         N/A       80%         4
 Cause Fear               Hex            9%         N/A       80%         4
 Summon Forest            Summ/Tloc      9%         N/A       98%         5
 Summon Mana Viper        Hex/Summ       19%        N/A       98%         5
 Summon Cactus Giant      Summ           9%         N/A       100%        6
 Enfeeble                 Hex            9%         N/A       100%        7
 Ignition                 Fire           41%        3d12      100%        8
 Maxwell's Capacitive Co  Air            35%        ∞         100%        8


Dungeon Overview and Level Annotations

Branches:
Dungeon (12/15)            Temple (0/1) D:6            Lair (5/5) D:8
 Shoals (0/4) Lair:3        Snake (0/4) Lair:2        Slime (0/5) Lair:4
    Orc (2/2) D:12            Elf (0/3) Orc:2

Shops:
D:6 [   Orc:1 [   Orc:2 =(*[

Portals:
Trove: D:10 (show abyssal rune of Zot)

Annotations:
D:5 1 runed translucent door, Crazy Yiuf
D:8 3 runed translucent doors, discopopstar's ghost, novice DsBe
D:10 2 transporters, diceflayer's ghost, novice DsHu
D:12 1 runed translucent door, rinqtmith's ghost, journeyman TrFi
Lair:5 2 exclusions
Orc:2 Rupert


Innate Abilities, Weirdness & Mutations

You have an increased reservoir of magic. (+10% MP)
You shall have no god before yourself.
Your divine heritage dramatically boosts your attributes as you level up.


Message History

Press: ? - help, Shift-Dir - straight line, f - Rupert
Aim: Rupert, wielding a +2 great mace of venom and wearing a +0 leather armour (heavily wounded, confused)
You feel a surge of power!
The sticky flame hits Rupert!
Rupert is heavily wounded.
Rupert is covered in liquid flames!
Rupert burns!
Rupert hits you with a +2 great mace of venom!!
You are poisoned.
You feel extremely sick.
Rupert burns!
You feel very sick.
Rupert seems less confused.
Rupert burns!
Casting: Sticky Flame (mildly dangerous; 1% risk of failure)
Confirm with . or Enter, or press ? or * to list all spells.
Aiming: Sticky Flame (mildly dangerous; 1% risk of failure)
Press: ? - help, Shift-Dir - straight line, f/p - Rupert
Aim: Rupert, wielding a +2 great mace of venom and wearing a +0 leather armour (severely wounded, covered in liquid flames)
You feel a surge of power!
The sticky flame hits Rupert.
Rupert is severely wounded.
Rupert is covered in liquid flames!
You feel very sick.
Rupert burns!
Rupert yells loudly at you.
You suddenly lose the ability to move!
You feel very sick.
Rupert burns!
Rupert yells loudly at you. You resist with almost no effort.
You feel sick.
Rupert burns!
Rupert roars madly and goes into a rage!
Rupert goes berserk!
You feel very sick.
Rupert burns!
Rupert hits you with a +2 great mace of venom!
You are more poisoned.
Rupert hits you with a +2 great mace of venom!!
* * * LOW HITPOINT WARNING * * *
You feel very sick.
Rupert burns!
Rupert hits you with a +2 great mace of venom!!
You die...

######## ##########
#.##.#.######...##.#.#####.#..
...........#...................
................@@....○.......###
................#..P..........#.#
P.#.................P.....P.P....
....##.#........#....P...........
..................P....∩.........
..#.#............................
.P##.....................8....###
..#......................P.....##
.###.............#...............


You could see Rupert (berserk, burning).

Vanquished Creatures
  An orc warlord (Orc:2)
  Nessos (Lair:5)
  A hydra (Lair:3)
  4 catoblepae
  4 two-headed ogres
  6 death yaks (Lair:5)
  2 boulder beetles
  Urug (Orc:2)
  3 orc high priests (Orc:2)
  Sonja (D:12)
  Nergalle (D:11)
  A skyshark (Lair:2)
  A fire crab (Lair:5)
  A wizard (D:12)
  4 orc knights
  Pikel (D:7)
  2 lindwurms
  An orc sorcerer (Orc:2)
  A cyclops (D:12)
  3 manticores
  2 merfolk sirens (Lair:3)
  6 black mambas
  A gargoyle (D:7)
  2 unseen horrors (D:12)
  A torpor snail (Lair:1)
  13 cane toads
  A rime drake (Lair:3)
  A kobold demonologist (D:9)
  7 komodo dragons
  2 merfolk (Lair:3)
  2 trolls
  2 polar bears
  A hornet (Lair:4)
  6 blink frogs (Lair:4)
  5 slime creatures
  3 shadows
  68 yaks
  A wraith (D:9)
  5 basilisks
  4 wyverns
  4 vampire mosquitoes (D:10)
  6 steam dragons
  2 two-headed ogre zombies (D:12)
  An acid dragon (D:11)
  22 water moccasins
  23 orc warriors
  2 ice beasts
  3 sky beasts
  8 wolves
  9 ogres
  4 centaurs
  4 lemures (D:7)
  2 phantoms
  A kobold brigand (D:9)
  10 bullfrogs
  4 scorpions
  2 gnoll sergeants (D:10)
  7 wights
  A troll zombie (D:12)
  11 killer bees
  An electric eel (Lair:3)
  3 howler monkeys
  2 jellies
  5 hounds
  2 gnoll boudas
  9 orc priests
  Natasha (thrice) (D:4)
  3 sleepcaps
  9 orc wizards
  5 ogre zombies (D:12)
  A boggart simulacrum (D:12)
  16 gnolls
  A river rat (D:6)
  7 adders
  A shadow imp (D:6)
  2 white imps
  3 ufetubi
  3 worms
  6 dart slugs
  39 orcs
  6 bats
  10 endoplasms
  7 giant cockroaches
  5 goblins
  7 hobgoblins
  4 jackals (D:1)
  7 quokkas
  6 ball pythons
  2 frilled lizards
  2 goblin skeletons (D:12)
  A goblin zombie (D:12)
  3 hobgoblin zombies (D:12)
  3 kobolds
  2 orc skeletons (D:12)
  17 orc zombies (D:12)
  9 rats
511 creatures vanquished.

Vanquished Creatures (collateral kills)
  A hydra (Lair:4)
  A cyclops (D:12)
  A wolf (Lair:4)
3 creatures vanquished.

Vanquished Creatures (others)
  47 fungi
  54 plants
101 creatures vanquished.

Grand Total: 615 creatures vanquished

Notes
Turn   | Place    | Note
-------+----------+-------------------------------------------
     0 | D:1      | Mesmaeker13 the Demigod Conjurer began the quest for the
                  | Orb.
     0 | D:1      | Reached XP level 1. HP: 14/14 MP: 5/5
   334 | D:1      | Reached XP level 2. HP: 20/20 MP: 4/7
  1083 | D:2      | Learned a level 2 spell: Searing Ray
  1255 | D:2      | Reached XP level 3. HP: 26/26 MP: 5/9
  2174 | D:4      | Reached XP level 4. HP: 33/33 MP: 3/10
  2658 | D:3      | Identified the +0 leather armour "Gegoud" {rElec Regen+}
  2891 | D:3      | Noticed an angel
  3152 | D:4      | Reached skill level 1 in Armour
  3152 | D:4      | Reached XP level 5. HP: 38/38 MP: 2/12
  3552 | D:4      | Reached XP level 6. HP: 45/45 MP: 4/14
  3751 | D:4      | Noticed Natasha
  3757 | D:4      | Killed Natasha
  3758 | D:4      | Reached skill level 5 in Conjurations
  3864 | D:4      | Noticed Natasha
  3872 | D:4      | Killed Natasha
  4033 | D:4      | Noticed Natasha
  4039 | D:4      | Killed Natasha
  4176 | D:4      | Learned a level 4 spell: Sticky Flame
  4188 | D:5      | Entered Level 5 of the Dungeon
  4279 | D:5      | Found a runed translucent door.
  4280 | D:5      | Noticed Crazy Yiuf
  4696 | D:5      | Reached skill level 1 in Fire Magic
  4697 | D:5      | Reached XP level 7. HP: 48/50 MP: 14/16
  6041 | D:6      | Found a staircase to the Ecumenical Temple.
  6311 | D:6      | Reached XP level 8. HP: 46/56 MP: 10/18
  6510 | D:6      | Found Omolehien's Antique Armour Boutique.
  6567 | D:6      | Bought a jewelled helmet for 228 gold pieces
  6567 | D:6      | Identified the +1 helmet of Wifusesi {rCorr Str-5 Dex+5}
                  | (You bought it in a shop on level 6 of the Dungeon)
  6770 | D:6      | Reached skill level 5 in Spellcasting
  7480 | D:7      | Noticed Pikel
  7708 | D:7      | Noticed a gargoyle
  7739 | D:7      | Killed Pikel
  7740 | D:7      | Reached skill level 5 in Armour
  7951 | D:7      | Killed a gargoyle
  7952 | D:7      | Reached XP level 9. HP: 31/62 MP: 9/21
  8194 | D:7      | Reached skill level 5 in Fire Magic
  8856 | D:8      | Learned a level 3 spell: Mephitic Cloud
  9592 | D:8      | Reached skill level 1 in Air Magic
  9592 | D:8      | Reached skill level 1 in Poison Magic
  9625 | D:8      | Found a runed translucent gate.
  9626 | D:8      | Found a runed translucent gate.
  9627 | D:8      | Found a runed translucent gate.
  9628 | D:8      | Noticed discopopstar's ghost (novice DsBe)
  9630 | D:8      | Noticed a nine-headed hydra
  9688 | D:8      | Found a staircase to the Lair.
 10021 | D:9      | Noticed a kobold demonologist
 10123 | D:9      | Killed a kobold demonologist
 10124 | D:9      | Reached XP level 10. HP: 63/69 MP: 14/23
 10530 | D:9      | Noticed a two-headed ogre
 10580 | D:9      | Killed a two-headed ogre
 11176 | D:9      | Learned a level 3 spell: Ignite Poison
 11224 | D:10     | Entered Level 10 of the Dungeon
 11500 | D:9      | Reached skill level 1 in Transmutations
 11785 | D:10     | Found a transporter.
 11786 | D:10     | Noticed diceflayer's ghost (novice DsHu)
 11846 | D:10     | Found a portal to a secret trove of treasure.
 11886 | D:10     | Found a transporter.
 12130 | D:10     | Reached skill level 1 in Shields
 12137 | D:10     | Reached XP level 11. HP: 72/74 MP: 6/24
 12634 | D:10     | Noticed a two-headed ogre
 12652 | D:10     | Killed a two-headed ogre
 12653 | D:10     | Reached skill level 2 in Shields
 12859 | D:11     | Noticed a two-headed ogre
 12868 | D:11     | Killed a two-headed ogre
 12869 | D:11     | Reached skill level 3 in Shields
 13546 | D:11     | Noticed Nergalle
 13557 | D:11     | Killed Nergalle
 13861 | Lair:1   | Entered Level 1 of the Lair of Beasts
 13925 | Lair:1   | Reached skill level 4 in Shields
 14060 | Lair:1   | Reached skill level 5 in Poison Magic
 14421 | Lair:1   | Reached skill level 5 in Shields
 15252 | Lair:2   | Noticed a skyshark
 15267 | Lair:2   | Killed a skyshark
 15508 | Lair:2   | Reached skill level 6 in Shields
 15880 | Lair:2   | Found a staircase to the Snake Pit.
 15903 | Lair:2   | Noticed a boulder beetle
 15943 | Lair:2   | Killed a boulder beetle
 15944 | Lair:2   | Reached skill level 10 in Conjurations
 15944 | Lair:2   | Reached skill level 5 in Transmutations
 16636 | Lair:3   | Reached XP level 12. HP: 42/81 MP: 14/25
 16739 | Lair:2   | Reached skill level 7 in Shields
 16883 | Lair:3   | Noticed a catoblepas
 16888 | Lair:3   | Noticed a four-headed hydra
 17112 | Lair:3   | HP: 2/81 [cane toad (13)]
 17270 | Lair:3   | Killed a catoblepas
 17374 | Lair:3   | Reached skill level 8 in Shields
 17550 | Lair:3   | Killed a four-headed hydra
 17878 | Lair:3   | Reached skill level 5 in Air Magic
 17928 | Lair:3   | Found a staircase to the Shoals.
 18604 | Lair:4   | Learned a level 3 spell: Stone Arrow
 18631 | Lair:4   | Found a staircase to the Slime Pits.
 18718 | Lair:4   | Reached skill level 9 in Shields
 18911 | Lair:4   | Reached skill level 1 in Earth Magic
 19041 | Lair:4   | Noticed a six-headed hydra
 19049 | Lair:4   | Killed a six-headed hydra
 19212 | Lair:4   | Learned a level 5 spell: Arcjolt
 20129 | Lair:5   | Entered Level 5 of the Lair of Beasts
 20762 | Lair:4   | Reached XP level 13. HP: 69/86 MP: 21/29
 21031 | Lair:5   | Noticed Nessos
 21052 | Lair:5   | Killed Nessos
 21053 | Lair:5   | Reached skill level 10 in Shields
 21431 | Lair:5   | Identified the +1 dagger of the Onslaught {distort, Str+2
                  | Dex+6}
 22902 | Lair:5   | Reached skill level 11 in Shields
 23957 | D:12     | Noticed Sonja
 23962 | D:12     | Killed Sonja
 23979 | D:11     | HP: 4/86 [large slime creature (34)]
 24153 | D:12     | Found a staircase to the Orcish Mines.
 25352 | D:12     | Found a runed translucent door.
 25354 | D:12     | Noticed rinqtmith's ghost (journeyman TrFi)
 25900 | Orc:1    | Entered Level 1 of the Orcish Mines
 26017 | Orc:1    | Found Ucijut's Antique Armour Emporium.
 26270 | Orc:1    | Reached skill level 10 in Fire Magic
 26386 | Orc:2    | Entered Level 2 of the Orcish Mines
 26386 | Orc:2    | Noticed an orc warlord
 26386 | Orc:2    | Found Evataux's Antique Weapon Boutique.
 26388 | Orc:2    | Noticed Urug
 26530 | Orc:2    | Killed an orc warlord
 26531 | Orc:2    | Reached XP level 14. HP: 51/93 MP: 19/31
 26631 | Orc:2    | Killed Urug
 26905 | Orc:2    | Reached skill level 12 in Shields
 27457 | Orc:2    | Found Qaiqesisch's Antique Armour Emporium.
 27657 | Orc:2    | Found Fampasess's General Store.
 27662 | Orc:2    | Noticed Rupert
 27811 | Orc:2    | Found a staircase to the Elven Halls.
 27953 | Orc:2    | Found Xet Ecot's Jewellery Shoppe.
 28039 | Orc:2    | Paralysed by Rupert for 5 turns
 28043 | Orc:2    | Mangled by Rupert

Illustrated notes

Levels and vault maps discovered:
D:1:      sevenhm_arrival_forest_fort_large_2, layout_basic
D:2:      layout_rooms
D:3:      layout_basic, grunt_temple_overflow_order_and_chaos_1
D:4:      layout_loops_ring, amethyst_overflow_temple_binary,
          nicolae_uskayaw_murder_on_the_dancefloor, grunt_ministairs_6,
          uniq_natasha
D:5:      layout_basic, hangedman_decor_diamond_cutter, minmay_manual_mullet,
          uniq_crazy_yiuf_cottage
D:6:      layout_basic, fedhas_bush_and_centaur_altar,
          overflow_temple_1_default, minmay_temple_entry_grid,
          portal_sewer_entry_e, serial_shops, nicolae_shop_tiny_statue_garden
D:7:      layout_rooms, kennysheep_small_square, uniq_pikel
D:8:      layout_basic, mainiacjoe_overflow_small_starburst, lair_entry_dummy,
          gammafunk_ghost_hydra_chop, minivault_23
D:9:      minmay_skewed_foursquare, layout_gridville, serial_glass,
          glass_columns_b, glass_columns_b, glass_columns_b, glass_columns_b,
          glass_columns_a, glass_columns_b, feat_on_display, item_on_display_a,
          item_on_display_a
D:10:     layout_basic, mainiacjoe_overflow_two_lobes,
          gammafunk_ghost_stat_death, enter_trove_0,
          hangedman_abyss_or_decor_stabs
D:11:     layout_loops_cross, grunt_gozag_statues, uniq_nergalle
D:12:     layout_basic, zombieorc2_lemuel, serial_ice, serial_ice_f,
          serial_ice_m, serial_ice_g, serial_ice_h, ebering_ghost_inner_flame,
          uniq_sonja
Lair:1:   layout_cave_pods, grunt_megastairs_3
Lair:2:   layout_long_grid, dummy_snake_entry, grunt_megastairs_1
Lair:3:   layout_regular_city, elwin_shoals_entry_stream,
          amcnicky_mini_pool_medium
Lair:4:   layout_roguey, dpeg_slime_entry_enclosed, infiniplex_staircase_pool_2
Lair:5:   evilmike_catoblepas_cave, layout_regular_city, uniq_nessos
Orc:1:    layout_caves, basic_altar, serial_shops, nicolae_square_shop
Orc:2:    grunt_orc_gardens, layout_caves, grunt_orc_garden, grunt_orc_garden,
          grunt_orc_garden, grunt_orc_garden, statue_in_the_mist_lemuel,
          okawaru_metal_pillars_1_2, uniq_urug, uniq_rupert

Skill      XL: |  1  2  3  4  5  6  7  8  9 10 11 12 13 14 |
---------------+-------------------------------------------+-----
Dodging        | 2 3 |  3.0
Spellcasting   | 2 3 4 5 6 7 9 |  9.2
Conjurations   | 4 5 6 7 8 10 11 | 11.4
Armour         | 1 2 3 5 6 7 |  7.4
Fire Magic     | 1 2 4 5 7 8 10 | 10.3
Air Magic      | 1 3 5 7 |  7.7
Poison Magic   | 1 4 6 |  6.2
Transmutations | 1 5 |  5.0
Shields        | 1 6 9 11 12 | 12.1
Earth Magic    | 1 |  1.6
Stealth        | |  1.7

Action                     |  1- 3 |  4- 6 |  7- 9 | 10-12 | 13-15 || total
---------------------------+-------+-------+-------+-------+-------++-------
  Melee: Dagger            |       |     3 |       |       |       ||     3
         Flail             |       |       |     7 |    27 |   143 ||   177
         Punch             |       |       |       |     1 |       ||     1
         Trident           |       |       |       |   134 |       ||   134
         Staff             |       |       |       |    14 |     2 ||    16
         Demon trident     |       |       |       |       |    51 ||    51
  Throw: Dart              |       |       |     1 |     1 |       ||     2
   Cast: Magic Dart        |    98 |    56 |   153 |   154 |   193 ||   654
         Searing Ray       |     2 |    13 |    62 |   100 |    34 ||   211
         Sticky Flame      |       |       |     8 |    75 |    77 ||   160
         Mephitic Cloud    |       |       |       |    40 |    38 ||    78
         Ignite Poison     |       |       |       |    23 |    27 ||    50
         Stone Arrow       |       |       |       |       |    12 ||    12
         Arcjolt           |       |       |       |       |     9 ||     9
  Evoke: Wand              |       |     7 |     7 |     4 |    18 ||    36
         Phantom mirror    |       |       |       |     2 |     2 ||     4
         Tin of tremorston |       |       |       |       |     3 ||     3
         Box of beasts     |       |       |       |       |     1 ||     1
    Use: Scroll            |     1 |     5 |     7 |     7 |     6 ||    26
         Potion            |       |       |     1 |     1 |     3 ||     5
   Stab: Confused          |       |       |       |     5 |     1 ||     6
         Petrified         |       |       |       |       |     2 ||     2
 Armour: Robe              |     3 |     1 |       |       |       ||     4
         Leather armour    |       |       |    27 |   134 |   118 ||   279
  Dodge: Dodged            |     7 |    22 |   124 |   321 |   123 ||   597
  Block: Kite shield       |       |       |       |    83 |   213 ||   296
